AoeStats
← | ArCas | Toruk Makto

Nomad

507808403Analyzed
4v4 RM · 11d ago on Sep 19, 2026· 51m 47s· 8 players
Game mode
Random Map
Map size
231×231
Population
200
Speed
Normal
Resources
Standard
Victory
Conquest
Starting age
Dark Age
Ending age
Imperial Age
RankedLock teamsTeams togetherTeam positionsShared explorationLock speedFull tech treeHidden civsTurbo modeCheats
Victory
Defeat
🇵🇪 Berbers · Peru
1368
+12
🇨🇴 Armenians · Colombia
1355
+12
🇦🇷 Bulgarians · Argentina
1293
+15
🇩🇪 Slavs · Germany
1265
+16
🇨🇭 Saracens · Switzerland
1319
-15
🇨🇭 Tatars · Switzerland
1278
-14
🇺🇸 Bohemians · United States
1274
-14
🇺🇸 Huns · United States
1228
-12
| ArCas | Toruk Makto
13:32 Feudal Age
12:50 Loom
15:55 Loom
20:34 Castle Age
19:51 Forging
21:39 Wheelbarrow
20:54 Double-Bit Axe
20:51 Horse Collar
31:11 Heavy Plow
32:47 Scale Barding Armor
33:02 Town Watch
34:15 Stone Mining
34:16 Gold Mining
40:04 Bow Saw
44:22 Imperial Age
41:27 Pikeman
42:08 Squires
43:20 Murder Holes
43:46 Ballistics
43:38 Masonry
43:45 Bloodlines
43:35 Husbandry
42:56 Light Cavalry
44:36 Gold Shaft Mining
44:36 Stone Shaft Mining
44:44 Hand Cart
44:31 Gambesons
44:37 Arson
45:48 Conscription
46:47 Iron Casting
46:33 Chain Barding Armor
47:11 Stirrups
48:20 Crop Rotation
48:12 Elite Konnik
50:06 Blast Furnace
49:07 Scale Mail Armor
49:43 Plate Barding Armor
48:59 Fletching
50:59 Chain Mail Armor
ivandario67
5:58 Loom
16:01 Feudal Age
16:37 Town Watch
16:46 Fishing Lines
18:44 Fletching
18:55 Padded Archer Armor
24:04 Castle Age
26:48 Castle Age
27:29 Pikeman
28:24 Bodkin Arrow
43:02 Imperial Age
48:12 Bracer
kraquen
5:21 Loom
21:07 Feudal Age
23:20 Fletching
27:14 Padded Archer Armor
29:35 Wheelbarrow
33:57 Double-Bit Axe
42:24 Castle Age
40:22 Gold Mining
41:03 Horse Collar
47:21 Imperial Age
45:58 Scale Barding Armor
46:04 Forging
46:43 Chain Barding Armor
47:12 Gold Shaft Mining
46:55 Bow Saw
46:49 Heavy Plow
47:09 Bloodlines
48:16 Fishing Lines
50:16 Plate Barding Armor
51:13 Heavy Camel Rider
Edcar Davids
9:48 Loom
13:50 Feudal Age
14:33 Double-Bit Axe
18:22 Castle Age
16:15 Fishing Lines
19:51 Medium Warships
21:25 Wheelbarrow
21:35 Bow Saw
23:02 Horse Collar
23:58 Stone Mining
24:01 Gold Mining
24:32 Gillnets
28:09 Bloodlines
32:00 Scale Barding Armor
32:06 Forging
32:14 Heavy Plow
32:45 Squires
32:47 Husbandry
34:32 Hand Cart
38:17 Imperial Age
37:14 Chain Barding Armor
38:17 Iron Casting
38:23 Elite Boyar
39:25 Conscription
39:46 Plate Barding Armor
41:18 Coinage
40:13 Capped Ram
42:42 Blast Furnace
42:21 Siege Ram
42:30 Man-at-Arms
43:33 Scale Mail Armor
44:20 Long Swordsman
45:17 Chain Mail Armor
45:21 Druzhina
45:12 Two-Handed Swordsman
46:23 Plate Mail Armor
46:50 Banking
46:03 Champion
48:45 Siege Engineers
49:13 Ballistics
48:40 Heavy Scorpion
King of Torts
4:51 Loom
15:37 Feudal Age
19:37 Castle Age
17:39 Double-Bit Axe
17:50 Fletching
18:09 Stone Mining
20:28 Bodkin Arrow
20:46 Bow Saw
20:39 Fishing Lines
21:45 Scale Barding Armor
25:13 Horse Collar
35:21 Wheelbarrow
34:54 Heavy Plow
36:43 Forging
39:16 Bloodlines
39:06 Husbandry
43:45 Chain Barding Armor
49:43 Imperial Age
47:15 Town Watch
48:21 Marauders
50:51 Iron Casting
Mytolic
5:01 Loom
13:23 Feudal Age
13:55 Double-Bit Axe
19:20 Castle Age
17:57 Fletching
18:17 Padded Archer Armor
19:20 Horse Collar
20:29 Bow Saw
24:01 Chemistry
27:02 Bodkin Arrow
26:56 Town Watch
27:48 Wheelbarrow
29:56 Town Watch
31:02 Leather Archer Armor
32:48 Hand Cart
35:01 Scale Mail Armor
35:37 Forging
36:00 Pikeman
36:40 Squires
37:40 Treadmill Crane
40:46 Imperial Age
38:48 Heavy Plow
39:43 Chain Mail Armor
40:10 Ballistics
40:53 Masonry
40:40 Bodkin Arrow
43:03 Siege Engineers
42:38 Halberdier
44:42 Architecture
44:38 Conscription
44:50 Plate Mail Armor
44:56 Iron Casting
45:45 Murder Holes
45:58 Bracer
46:19 Town Patrol
49:23 Ring Archer Armor
51:07 Wagenburg Tactics
dr.schniselx
4:08 Loom
13:56 Feudal Age
14:44 Double-Bit Axe
17:45 Fletching
27:06 Castle Age
25:57 Padded Archer Armor
27:08 Crossbowman
28:01 Bodkin Arrow
32:56 Bow Saw
33:30 Gold Mining
36:13 Squires
37:41 Leather Archer Armor
39:18 Bloodlines
39:17 Scale Barding Armor
42:58 Chain Barding Armor
44:08 Wheelbarrow
44:34 Forging
46:53 Horse Collar
48:18 Heavy Plow
52:14 Imperial Age
50:49 Iron Casting
optional_cookie
4:25 Loom
12:38 Feudal Age
13:19 Double-Bit Axe
14:42 Fletching
24:10 Castle Age
31:29 Bodkin Arrow
31:46 Crossbowman
Connection lost

Rejoining the realm…

Still unreachable

The connection could not be restored.

Session expired

The server has moved on; the page needs a fresh start.